 Dungeon Crawl Stone Soup version 0.30-a0-1124-g6e8f0f562f (webtiles) character file.

Game seed: 5451905876318737482

343 jasper the Shooter (level 6, -3/30 HPs)
             Began as a Spriggan Hunter on Apr 23, 2023.
             Was a Follower of Okawaru.
             Shot with an arrow by a centaur (13 damage)
             ... on level 5 of the Dungeon.
             The game lasted 00:04:12 (2084 turns).

jasper the Shooter (Spriggan Hunter)                Turns: 2084, Time: 00:04:13

Health: -3/30      AC:  2    Str:  9    XL:     6   Next: 31%
Magic:  7/7        EV: 17    Int: 10    God:    Okawaru [*.....]
Gold:   44         SH:  0    Dex: 19    Spells: 4/5 levels left

rFire   . . .        a - +0 shortbow
rCold   + . .        (shield currently unavailable)
rNeg    . . .        c - +0 robe
rPois   .            (helmet restricted)
rElec   .            (no cloak)
rCorr   .            (gloves unavailable)
SInv    +            (boots unavailable)
Will    +....        (no amulet)
Stlth   ++           i - ring of protection from cold
HPRegen 0.25/turn    (no ring)
MPRegen 0.10/turn

%: no passive effects
@: very quick
A: very small, no large weapons, unfitting armour, see invisible, speed 3
a: Renounce Religion, Heroism


You were on level 5 of the Dungeon.
You worshipped Okawaru.
Okawaru was aware of your devotion.
You visited 1 branch of the dungeon, and saw 5 of its levels.

You collected 104 gold pieces.
You spent 60 gold pieces at shops.

Inventory:

Hand Weapons
 a - a +0 shortbow (weapon)
Armour
 c - a +0 robe (worn)
Jewellery
 i - a ring of protection from cold (left hand)
Scrolls
 b - a scroll of immolation
 e - a scroll of teleportation
 g - a scroll of poison
 h - a scroll of identify
Potions
 d - 2 potions of might {unknown}
 f - 3 potions of mutation {unknown}
 j - a potion of invisibility {unknown}
 k - a potion of curing {unknown}


   Skills:
 - Level 1.5 Fighting
 + Level 7.7 Ranged Weapons
 - Level 2.6 Dodging
 - Level 1.5 Stealth


You had 4 spell levels left.
You knew the following spells:

 Your Spells              Type           Power      Damage    Failure   Level
a - Apportation           Tloc           0%         N/A       36%         1

Your spell library contained the following spells:

 Spells                   Type           Power      Damage    Failure   Level
 Necrotise                Necr           0%         1d4       36%         1
 Summon Small Mammal      Summ           Unusable   N/A       N/A         1

Dungeon Overview and Level Annotations

Branches:
Dungeon (5/15)             Temple (0/1) D:4

Altars:
Elyvilon
Okawaru

Shops:
D:3 ?

Annotations:
D:1 Robin
D:2 Sigmund


Innate Abilities, Weirdness & Mutations

You are very small and have problems with some larger weapons.
You are too small for most types of armour.
You have supernaturally acute eyesight. (SInv)
You cover ground extremely quickly. (Speed+++)


Message History

Press: ? - help, Q - select action, (/) - cycle Shift-Dir - straight line, f/p - scorpion
Aim: a scorpion (almost dead, 64% to hit)
You shoot an arrow. The arrow hits the scorpion.
You kill the scorpion!
Okawaru accepts your kill.
Fire: a) +0 shortbow
Press: ? - help, Q - select action, (/) - cycle Shift-Dir - straight line, f - orc
Aim: an orc, wielding a +0 dagger and wearing a +1 leather armour of fire resistance (heavily wounded, 64% to hit)
You shoot an arrow. The arrow hits the orc.
The orc is heavily wounded.
The orc hits you with a +0 dagger. x2
You take 5 damage, and have 19/30 hp.
Fire: a) +0 shortbow
Press: ? - help, Q - select action, (/) - cycle Shift-Dir - straight line, f/p - orc
Aim: an orc, wielding a +0 dagger and wearing a +1 leather armour of fire resistance (heavily wounded, 64% to hit)
You shoot an arrow. The orc shouts!
The arrow hits the orc but does no damage.
The orc is heavily wounded.
The orc barely misses you.
There is an open door here.
A centaur comes into view.
Fire: a) +0 shortbow
Press: ? - help, Q - select action, (/) - cycle Shift-Dir - straight line, f/p - orc
Aim: an orc, wielding a +0 dagger and wearing a +1 leather armour of fire resistance (heavily wounded, 64% to hit)
You shoot an arrow. The centaur shouts!
The arrow hits the orc but does no damage.
The orc is heavily wounded.
The centaur wields a +0 shortbow.
The centaur shoots an arrow.
The arrow hits you!
You take 10 damage, and have 10/30 hp.
MASSIVE DAMAGE!!
Fire: a) +0 shortbow
Press: ? - help, Q - select action, (/) - cycle Shift-Dir - straight line, f/p - orc
Aim: an orc, wielding a +0 dagger and wearing a +1 leather armour of fire resistance (heavily wounded, 64% to hit)
You shoot an arrow. The arrow hits the orc!
You kill the orc!
Okawaru accepts your kill.
The centaur shoots an arrow.
The arrow hits you!
You die...

#######.#####.#
###..†o.†..# ##.#########
#.#o#####..# #...........
##.#'#####..####.#.....#..
#....o...#....##.#.)####..
#.....)..#..........# #...
#...................# ##.#
#...................# #.#
#........@..#.......# ###
#............>......#
##+###'##...##.c...##
#.##...##.....# #
#.##.....o...##
#.###...........##
##..............##
#.........>.....+
#........s......##


You could see a centaur and 2 orcs.

Vanquished Creatures
  3 scorpions (D:5)
  A howler monkey (D:5)
  A hound (D:5)
  An iguana (D:4)
  3 adders
  A worm (D:3)
  A dart slug (D:3)
  2 orcs
  6 endoplasms
  2 giant cockroaches
  3 goblins
  A hobgoblin (D:1)
  2 jackals (D:4)
  A quokka (D:4)
  6 ball pythons
  3 bats
  5 frilled lizards
  4 kobolds
  4 rats
50 creatures vanquished.

Vanquished Creatures (others)
  A plant (D:4)
1 creature vanquished.

Grand Total: 51 creatures vanquished

Notes
Turn   | Place    | Note
-------+----------+-------------------------------------------
     0 | D:1      | jasper the Spriggan Hunter began the quest for the Orb.
     0 | D:1      | Reached XP level 1. HP: 10/10 MP: 2/2
   277 | D:1      | Reached XP level 2. HP: 14/14 MP: 3/3
   279 | D:1      | Learned a level 1 spell: Apportation
   962 | D:2      | Noticed Robin
  1013 | D:2      | Noticed Sigmund
  1019 | D:3      | Found a white marble altar of Elyvilon.
  1202 | D:3      | Found an iron altar of Okawaru.
  1211 | D:3      | Became a worshipper of Warmaster Okawaru
  1264 | D:3      | Reached skill level 5 in Ranged Weapons
  1279 | D:3      | Reached XP level 3. HP: 18/18 MP: 4/4
  1490 | D:3      | Found Anlid's Magic Scroll Shop.
  1495 | D:3      | Bought a scroll of poison for 40 gold pieces
  1495 | D:3      | Bought a scroll of identify for 20 gold pieces
  1761 | D:4      | Found a staircase to the Ecumenical Temple.
  1803 | D:4      | Reached XP level 4. HP: 21/22 MP: 5/5
  1831 | D:4      | Noticed a scorpion
  1861 | D:5      | Entered Level 5 of the Dungeon
  1874 | D:5      | Reached skill level 6 in Ranged Weapons
  1920 | D:5      | Noticed a scorpion
  1945 | D:5      | Killed a scorpion
  1946 | D:5      | Reached XP level 5. HP: 25/25 MP: 6/6
  1980 | D:5      | Reached skill level 7 in Ranged Weapons
  2023 | D:5      | Reached * piety under Okawaru
  2024 | D:5      | Reached XP level 6. HP: 30/30 MP: 7/7
  2084 | D:5      | Shot with an arrow by a centaur

Illustrated notes

Levels and vault maps discovered:
D:1:      lightli_arrival_noodles, layout_basic
D:2:      layout_rooms, uniq_robin, uniq_sigmund
D:3:      layout_loops_cross, nicolae_overflow_crystal_walls, elyvilon_altar_3,
          serial_shops, shop
D:4:      layout_rooms, nicolae_qazlal_general_emergency,
          minmay_temple_entry_gardened_gates, uniq_blork_the_orc
D:5:      layout_basic, minmay_overflow_temple_star_hex, serial_shops,
          nicolae_diamond_shop, serial_rivers, chequers_serial_rivers_micro_c,
          chequers_serial_rivers_micro_e, chequers_serial_rivers_marsh,
          chequers_serial_rivers_room_a, kennysheep_generic_room_12

Skill      XL: |  1  2  3  4  5 |
---------------+----------------+-----
Ranged Weapons | 5 6 7 |  7.7
Fighting       | |  1.5
Dodging        | |  2.6
Stealth        | |  1.5

Action                     |  1- 3 |  4- 6 || total
---------------------------+-------+-------++-------
   Fire: Shortbow          |   103 |    53 ||   156
    Use: Scroll            |     2 |       ||     2
 Armour: Robe              |     2 |     1 ||     3
  Dodge: Dodged            |    23 |    15 ||    38

Table legend: (Time is in decaauts)
 A = Elapsed time spent in this place.
 B = Non-inter-level travel time spent in this place.
 C = Inter-level travel time spent in this place.
 D = Time resting spent in this place.
 E = Time spent auto-exploring this place.
 F = Levels seen in this place.
 G = Mean time per level.
                   A        B        C        D        E       F      G
               +--------+--------+--------+--------+--------+-----+--------+
         Total |   1390 |   1334 |     56 |     17 |    930 |   5 |  278.0 |
       Dungeon |   1390 |   1334 |     56 |     17 |    930 |   5 |  278.0 |
               +--------+--------+--------+--------+--------+-----+--------+

Top non-repeatable levels by time:
     D:1: 656 daAuts
     D:3: 414 daAuts
     D:5: 165 daAuts
     D:4: 143 daAuts
     D:2: 10 daAuts
